 Dungeon Crawl Stone Soup version 0.21.1-1-g345015f (console) character file.

164 toffzen the Ruffian (level 5, -2/49 HPs)
             Began as a Troll Transmuter on Apr 12, 2018.
             Was an Initiate of Makhleb.
             Succumbed to an orc wizard's poison
             ... on level 3 of the Dungeon.
             The game lasted 00:05:04 (1879 turns).

toffzen the Ruffian (Troll Transmuter)              Turns: 1879, Time: 00:05:04

Health: -2/49      AC:  5    Str: 18    XL:     5   Next: 21%
Magic:  5/5        EV: 10    Int: 14    God:    Makhleb [......]
Gold:   58         SH:  0    Dex: 11    Spells: 3/6 levels left

rFire    . . .     SeeInvis .     - Unarmed
rCold    . . .     Gourm    +   (no shield)
rNeg     . . .     Faith    .   b - +0 robe
rPois    .         Spirit   .   (helmet restricted)
rElec    .         Reflect  .   (no cloak)
rCorr    .         Harm     .   (gloves unavailable)
MR       .....                  (boots unavailable)
Stlth    +.........             (no amulet)
HPRegen  0.56/turn              (no ring)
MPRegen  0.09/turn              (no ring)

@: brilliant, lethally poisoned (-2 -> -29)
A: large, unfitting armour, claws 3, fast metabolism 3, gourmand, regeneration
1, shaggy fur 1, tough skin 2
a: Renounce Religion


You were on level 3 of the Dungeon.
You worshipped Makhleb.
Makhleb was noncommittal.
You were very full.

You visited 1 branch of the dungeon, and saw 3 of its levels.

You collected 58 gold pieces.

Inventory:

Missiles
 a - 28 arrows
 f - 64 stones (quivered)
Armour
 b - a +0 robe (worn)
Scrolls
 h - a scroll of teleportation {unknown}
 i - a scroll of remove curse {unknown}
 k - a scroll of identify {unknown}
Books
 c - a book of Changes

   Spells                             Type                      Level
   a - Beastly Appendage              Transmutation                1
   b - Sticks to Snakes               Transmutation                2
   c - Spider Form                    Transmutation/Poison         3
   d - Ice Form                       Ice/Transmutation            4
   e - Blade Hands                    Transmutation                5
Comestibles
 d - 2 rations
 j - 12 chunks of flesh


   Skills:
 + Level 1.8 Fighting
 + Level 2.3 Dodging
 * Level 4.3 Unarmed Combat
 - Level 1.2 Spellcasting
 + Level 2.1 Transmutations
 + Level 0.8 Invocations


You had 3 spell levels left.
You knew the following spells:

 Your Spells              Type           Power        Failure   Level  Hunger
a - Beastly Appendage     Tmut           ###...       1%          1    ##.....
b - Sticks to Snakes      Tmut           ###.....     1%          2    ###....


Dungeon Overview and Level Annotations

Branches:
Dungeon (3/15)

Altars:
Makhleb
Vehumet


Innate Abilities, Weirdness & Mutations

You are too large for most types of armour.
You have claws for hands.
Your metabolism is lightning-fast.
You like to eat raw meat.
Your natural rate of healing is unusually fast.
You are covered in fur. (AC +1)
You have very tough skin. (AC +2)


Message History

You feel very sick. The orc wizard barely misses you.
The orc wizard hits you with a dagger of venom.
* * * LOW HITPOINT WARNING * * *
You are more poisoned.
You closely miss the orc wizard.
The orc wizard is heavily wounded.
* * * LOW HITPOINT WARNING * * *
You feel sick.
The orc wizard hits you but does no damage.
You are more poisoned.
You claw the orc wizard!
You kill the orc wizard!
Makhleb accepts your kill.
You have reached level 5!
* * * LOW HITPOINT WARNING * * *
You feel very sick.
Okay, then.
You aren't carrying any potions.
You die...

##.#.#..............
#....#..<).........# .#
#....#...####.#....#..#
#.<..).....##.#....#..#
#........#.##.#........
###.##................#
#.##.#........(......
#.##.#.####)##.......
..#........@.........
#.#..#...............
#.#..#.####.##.......
#..#.####[##.......
#.........[........ #
.#.####.###...#.. #.#.#
#.# ...# # # #.# #.#
...# .. ... .....


There were no monsters in sight!

Vanquished Creatures
  2 orc wizards
  A worker ant (D:3)
  3 adders (D:2)
  A worm (D:2)
  A dart slug (D:1)
  A leopard gecko (D:1)
  3 orcs (D:3)
  5 bats
  A giant cockroach (D:2)
  6 goblins
  3 hobgoblins
  6 jackals
  A quokka (D:2)
  3 frilled lizards
  5 kobolds
  11 rats
53 creatures vanquished.

Notes
Turn   | Place    | Note
-------+----------+-------------------------------------------
     0 | D:1      | toffzen the Troll Transmuter began the quest for the Orb.
     0 | D:1      | Reached XP level 1. HP: 18/18 MP: 1/1
   135 | D:1      | Reached skill level 1 in Fighting
   147 | D:1      | Reached XP level 2. HP: 27/27 MP: 2/2
   373 | D:1      | Learned a level 2 spell: Sticks to Snakes
   794 | D:2      | Reached XP level 3. HP: 33/33 MP: 3/3
   925 | D:2      | Found a faded altar of an unknown god.
  1190 | D:2      | Found a radiant altar of Vehumet.
  1191 | D:2      | Found a burning altar of Makhleb.
  1262 | D:2      | Became a worshipper of Makhleb the Destroyer
  1291 | D:2      | Reached XP level 4. HP: 26/41 MP: 4/4
  1691 | D:3      | Reached skill level 4 in Unarmed Combat
  1878 | D:3      | Reached XP level 5. HP: 4/49 MP: 5/5
  1878 | D:3      | HP: 2/49 [poisoned by an orc wizard]
  1879 | D:3      | Succumbed to an orc wizard's poison

Skill      XL: |  1  2  3  4 |
---------------+-------------+-----
Fighting       | 1 |  1.8
Dodging        | 2 |  2.3
Unarmed Combat | 4 |  4.3
Transmutations | 2 |  2.1
Spellcasting   | |  1.2
Invocations    | |  0.8

Action                   |  1- 3 |  4- 6 || total
-------------------------+-------+-------++-------
Melee: Unarmed           |   131 |    51 ||   182
Throw: Stone             |       |     1 ||     1
  Use: Potion            |       |     2 ||     2
 Stab: Sleeping          |     1 |     1 ||     2
  Eat: Chunk             |    17 |     5 ||    22
Armor: Robe              |    40 |    32 ||    72
Dodge: Dodged            |    71 |    24 ||    95
